 Dungeon Crawl Stone Soup version 0.31.0-32-g396128a36d (webtiles) character file.

Game seed: 11453154269104687523

2570 TacoSundae the Grappler (level 9, 0/40 HPs)
             Began as a Vine Stalker Shapeshifter on Apr 9, 2024.
             Slain by an orc warrior
             ... wielding a +0 glaive
              (9 damage)
             ... in a bailey.
             The game lasted 00:21:00 (5345 turns).

TacoSundae the Grappler (Vine Stalker Shapeshifter) Turns: 5345, Time: 00:21:01

Health: 0/40       AC:  6    Str: 27    XL:     9   Next: 57%
Magic:  0/10       EV: 11    Int: 10    God:
Gold:   227        SH:  0    Dex: 14    Spells: 8/8 levels left

rFire   . .          .
                       - Unarmed
rCold   + . .        (no shield)
rNeg    + . .        r - +1 ring mail {rC+}
rPois   .            (helmet currently unavailable)
rElec   .            (cloak currently unavailable)
rCorr   .            (gloves currently unavailable)
SInv    .            (boots currently unavailable)
Will    +....        (no amulet)
Stlth   +            e - ring of positive energy
HPRegen 1.06/turn    l - +6 ring of strength
MPRegen 0.12/turn

%: guardian spirit
@: beast-form, hasted, very quick
A: beast (slay +4), fangs 3, regeneration 1, magic shield, antimagic bite, no
potion heal 2
a: Begin Untransformation


You were in a bailey.
You were a hulking beast.
You visited 2 branches of the dungeon, and saw 8 of its levels.
You also visited: Ossuary and Bailey.

You collected 375 gold pieces.
You spent 148 gold pieces at shops.

Inventory:

Hand Weapons
 a - the +8 dagger of Korph {freeze, rElec rN+}
   (You found it on level 2 of the Dungeon)

   rElec:     It insulates you from electricity.
   rN+:       It protects you from negative energy.
Missiles
 m - 7 poisoned darts (quivered)
Armour
 r - a +1 ring mail of cold resistance (worn)
Jewellery
 e - a ring of positive energy (left hand)
 l - a +6 ring of strength (right hand)
 w - a +6 ring of dexterity
Talismans
 c - a beast talisman
 d - a flux talisman
 i - a blade talisman
 s - a granite talisman
Wands
 u - a wand of paralysis (2)
Scrolls
 f - 5 scrolls of teleportation
 k - 2 scrolls of enchant armour
 v - a scroll of brand weapon
 x - a scroll of identify
 y - 3 scrolls of vulnerability
Potions
 b - a potion of mutation
 g - 5 potions of curing
 h - a potion of berserk rage
 j - 3 potions of cancellation
 n - 2 potions of lignification
 o - 2 potions of might
 p - a potion of attraction
 q - a potion of haste
 t - a potion of enlightenment


   Skills:
 - Level 0.8 Fighting
 - Level 1.5 Dodging
 * Level 9.7 Unarmed Combat
 * Level 8.6 Shapeshifting


You had 8 spell levels left.
You didn't know any spells.
Your spell library was empty.

Dungeon Overview and Level Annotations

Branches:
Dungeon (7/15)             Temple (1/1) D:6         Ossuary (visited)
 Bailey (1/1)

Altars:
Ashenzari
Cheibriados
Dithmenos
Elyvilon
Gozag
Kikubaaqudgha
Qazlal
Ru
Sif Muna
Uskayaw
Vehumet
Wu Jian
Xom
Yredelemnul
Zin

Shops:
D:5 ?!:

Annotations:
D:2 1 runed translucent door, Crazy Yiuf
D:4 2 transporters, flammie80's ghost, weakling FoMo


Innate Abilities, Weirdness & Mutations

You are a hulking beast.
Your limbs bulge with bestial killing power. (Slay +4)
You have razor-sharp teeth.
Your natural rate of healing is unusually fast.
When hurt, damage is shared between your health and your magic reserves.
Your bite disrupts and absorbs the magic of your enemies.
Potions cannot restore your health.


Message History

Unknown command.
You open the door.
An orc knight and 2 orc warriors come into view.
The orc warrior shouts!
The orc knight shouts!
The orc warrior shouts!
An orc warrior comes into view. It is wielding a +0 glaive.
Found a gate leading back out of this place.
The orc knight roars a battlecry!
The orc warriors go into a battle-frenzy!
The orc warrior hits you with a +0 glaive!!
You pummel the orc warrior!!
The orc warrior is severely wounded.
The orc warrior misses you.
You punch the orc warrior!
The orc warrior is almost dead.
The orc warrior barely misses you.
You completely miss the orc warrior. Your punch misses the orc warrior.
The orc warrior is almost dead.
The orc warrior hits you from afar with a +0 glaive!!
Ouch! That really hurt!
* * * LOW HITPOINT WARNING * * *
You feel yourself speed up. The orc warrior barely misses you.
Things that are here:
a +0 trident; a +0 chain mail; an orc corpse
Things that are here:
a +0 spear; a +0 scale mail
Items here: )) [[ †.
Items here: )) [[ †.
The orc warrior hits you with a +0 glaive.
You closely miss the orc warrior. You bite the orc warrior.
You drain its power.
You feel invigorated.
The orc warrior is almost dead.
The orc warrior hits you from afar with a +0 glaive!!
The orc warrior hits you with a +0 glaive!
* * * LOW HITPOINT WARNING * * *
You closely miss the orc warrior. Your bite misses the orc warrior.
The orc warrior is almost dead.
You barely miss the orc warrior. You bite the orc warrior.
You kill the orc warrior!
The orc warrior hits you from afar with a +0 glaive!
You die...

#.~..## .≈§≈≈ #.~o..## #
≈≈o.... #∩.~~..#'# ...⌠∩⌠.
##.)~..#'# ≈...⌠.. #
#.~~..##.## ≈≈....§ ##
#.~))##...# #. #.~.##.....
#.$ #.).########## #####
#.~....o)h...## ##....
#.~~~~~~~~~~..## ##..~~~
#..........~~..## ##..~~.)
##########..~~..###..~~..#
##..~~.)...~~..##
##..~~~~~~~..##
##.........## ###########


You could see an orc warrior.

Vanquished Creatures
  Grinder (D:4)
  Eustachio (D:4)
  An ice beast (D:5)
  2 black bears (D:6)
  2 orc warriors (Bailey)
  2 ogres
  2 centaurs
  A phantom (D:4)
  A bullfrog (D:6)
  4 scorpions
  A burial acolyte (Ossuary)
  3 centaur zombies (Ossuary)
  2 bombardier beetles (D:5)
  2 jellies (D:5)
  5 hounds
  A human zombie (Ossuary)
  Terence (D:2)
  5 iguanas
  Natasha (thrice) (D:3)
  3 orc wizards
  2 crocodile zombies (Ossuary)
  A hound zombie (Ossuary)
  3 mummies (Ossuary)
  3 gnolls (D:5)
  6 adders
  A shadow imp (D:6)
  A white imp (D:7)
  4 ufetubi
  4 adder zombies (Ossuary)
  A ribbon worm (D:3)
  40 orcs
  4 endoplasms
  3 giant cockroaches
  2 gnoll zombies (Ossuary)
  13 goblins
  7 hobgoblins
  4 jackals (D:1)
  2 quokkas
  4 ball pythons
  7 ball python zombies (Ossuary)
  6 bats
  3 frilled lizards (D:1)
  A jackal zombie (Ossuary)
  10 kobolds
  7 kobold zombies (Ossuary)
  2 orc zombies (Ossuary)
  8 rats
192 creatures vanquished.

Notes
Turn   | Place    | Note
-------+----------+-------------------------------------------
     0 | D:1      | TacoSundae the Vine Stalker Shapeshifter began the quest
                  | for the Orb.
     0 | D:1      | Reached XP level 1. HP: 9/9 MP: 2/2
    37 | D:1      | Reached XP level 2. HP: 14/14 MP: 3/3
   346 | D:1      | Reached XP level 3. HP: 17/17 MP: 4/4
   640 | D:2      | Noticed an ogre
   647 | D:2      | Killed an ogre
   648 | D:2      | Reached skill level 4 in Unarmed Combat
   648 | D:2      | Reached XP level 4. HP: 21/21 MP: 3/5
   815 | D:2      | Reached XP level 5. HP: 25/25 MP: 6/6
  1020 | D:2      | Noticed Terence
  1036 | D:2      | Killed Terence
  1037 | D:2      | Reached skill level 5 in Unarmed Combat
  1198 | D:2      | Identified the +8 dagger of Korph {freeze, rElec rN+}
  1217 | D:2      | Found a runed translucent door.
  1218 | D:2      | Noticed Crazy Yiuf
  1473 | D:3      | Noticed Natasha
  1481 | D:3      | Killed Natasha
  1551 | D:3      | Noticed Natasha
  1557 | D:3      | Killed Natasha
  1558 | D:3      | Reached XP level 6. HP: 26/29 MP: 5/7
  1573 | D:3      | Noticed Natasha
  1578 | D:3      | Killed Natasha
  2222 | D:4      | Noticed Eustachio
  2252 | D:4      | Killed Eustachio
  2253 | D:4      | Reached skill level 6 in Unarmed Combat
  2253 | D:4      | Reached skill level 5 in Shapeshifting
  2253 | D:4      | Reached XP level 7. HP: 32/32 MP: 5/8
  2334 | D:4      | Found a transporter.
  2380 | D:4      | Noticed Grinder
  2390 | D:4      | Killed Grinder
  2530 | D:4      | Reached skill level 7 in Unarmed Combat
  2624 | D:4      | Found a transporter.
  2662 | D:4      | Noticed flammie80's ghost (weakling FoMo)
  2893 | D:5      | Entered Level 5 of the Dungeon
  2893 | D:5      | Found Woergh's Book Shoppe.
  2939 | D:4      | Gained mutation: You have razor-sharp teeth. [Vine Stalker
                  | growth]
  2939 | D:4      | Reached XP level 8. HP: 36/37 MP: 9/9
  2965 | D:5      | Found Jyifosus's Magic Scroll Shop.
  2985 | D:5      | Bought a scroll of identify for 24 gold pieces
  2985 | D:5      | Bought a scroll of identify for 24 gold pieces
  3165 | D:5      | Found a shimmering altar of Xom.
  3184 | D:5      | Found a sand-covered staircase.
  3196 | Ossuary  | Entered an ossuary
  3253 | Ossuary  | Reached skill level 8 in Unarmed Combat
  3823 | D:5      | Reached XP level 9. HP: 40/40 MP: 10/10
  3906 | D:5      | Found Oguplit's Distillery.
  3915 | D:5      | Bought a potion of haste for 100 gold pieces
  4251 | D:6      | Reached skill level 9 in Unarmed Combat
  4544 | D:6      | Found an ancient bone altar of Kikubaaqudgha.
  4697 | D:6      | Found a staircase to the Ecumenical Temple.
  4701 | Temple   | Entered the Ecumenical Temple
  4834 | D:6      | Identified the +1 ring mail of Winter {rC+}
  5077 | D:7      | Found a flagged portal.
  5100 | Bailey   | Entered a bailey
  5288 | Bailey   | Noticed an orc knight
  5345 | Bailey   | Slain by an orc warrior

Illustrated notes

Levels and vault maps discovered:
D:1:      noname_arrival_rooms_in_the_neighbourhood, layout_basic
D:2:      layout_loops_cross, uniq_crazy_yiuf_cottage, uniq_terence
D:3:      layout_basic, uniq_natasha
D:4:      layout_loops_ring, gammafunk_ghost_stat_death, uniq_grinder,
          uniq_eustachio
D:5:      layout_loops_cross, mainiacjoe_overflow_tiny_flanked, enter_ossuary_3,
          serial_shops, shop, shop, nicolae_stop_n_shop_2, abandoned_shop,
          chequers_serial_rivers_room_a
D:6:      layout_loops_ring, mainiacjoe_overflow_alcove_1, temple_statues,
          st_stairs_6, corexii_checkpoint, kennysheep_generic_room_9
D:7:      layout_layer_cave, kennysheep_mini_moat, nemelex_spade_bored_becter,
          nicolae_hepliaklqana_hippocampus, mainiacjoe_overflow_24_doors,
          enter_bailey_3, dk_noncrumbling_3, nicolae_shop_clearance
Temple:   oiseaux_autumnal_temple
Bailey:   bailey_polearm_1, bailey

Skill      XL: |  1  2  3  4  5  6  7  8  9 |
---------------+----------------------------+-----
Unarmed Combat | 4 5 6 7 8 9 |  9.7
Shapeshifting  | 4 5 6 7 8 |  8.6
Fighting       | |  0.8
Dodging        | |  1.5

Action                     |  1- 3 |  4- 6 |  7- 9 || total
---------------------------+-------+-------+-------++-------
  Melee: Unarmed           |    58 |   124 |   252 ||   434
         Bite              |     8 |    25 |    79 ||   112
         Punch             |     3 |     5 |    10 ||    18
  Throw: Dart              |       |       |     7 ||     7
    Use: Potion            |     1 |       |     1 ||     2
         Scroll            |       |       |    20 ||    20
   Stab: Sleeping          |     1 |       |       ||     1
 Armour: Animal skin       |    18 |     7 |       ||    25
         Skin              |     1 |       |       ||     1
         Ring mail         |       |    60 |   150 ||   210
  Dodge: Dodged            |    32 |    52 |   115 ||   199
